 Dungeon Crawl Stone Soup version 0.31-b1-17-gcfd88c8481 (webtiles) character file.

Game seed: 12821016066943023712

931 PaiMei the Grave Robber (level 7, -8/53 HPs)
             Began as a Demonspawn Necromancer on Jan 16, 2024.
             Mangled by Blork the orc
             ... wielding a +1 scimitar of freezing
              (9 damage)
             ... on level 5 of the Dungeon.
             The game lasted 00:09:02 (6558 turns).

PaiMei the Grave Robber (Demonspawn Necromancer)    Turns: 6558, Time: 00:09:03

Health: -8/53      AC:  9    Str:  8    XL:     7   Next: 86%
Magic:  1/13       EV: 13    Int: 23    God:
Gold:   231        SH:  4    Dex: 18    Spells: 7/15 levels left

rFire   . . .        n - +7 short sword of the Tooth {heavy, Dex+5}
rCold   . . .        (no shield)
rNeg    . . .        s - +1 leather armour of Boredom {Int+5}
rPois   .            m - +0 helmet
rElec   .            u - +0 cloak
rCorr   .            (no gloves)
SInv    .            (no boots)
Will    .....        (no amulet)
Stlth   ++           (no ring)
HPRegen 0.28/turn    (no ring)
MPRegen 0.13/turn

%: no passive effects
@: no status effects
A: thin metallic scales 2, condensation shield
a: no special abilities


You were on level 5 of the Dungeon.
You visited 1 branch of the dungeon, and saw 5 of its levels.

You collected 231 gold pieces.

Inventory:

Hand Weapons
 n - the +7 short sword of the Tooth (weapon) {heavy, Dex+5}
   (You took it off a kobold on level 3 of the Dungeon)

   Dex+5:     It affects your dexterity (+5).
Missiles
 e - 6 atropa-tipped darts (quivered)
 o - 8 poisoned darts
Armour
 m - a +0 helmet (worn)
 s - the +1 leather armour of Boredom (worn) {Int+5}
   (You found it on level 3 of the Dungeon)

   Int+5:     It affects your intelligence (+5).
 u - a +0 cloak (worn)
Wands
 v - a wand of flame (23)
Scrolls
 a - a scroll of fog {unknown}
 f - 3 scrolls of poison {unknown}
 g - 3 scrolls of fear {unknown}
 h - 2 scrolls of identify {unknown}
 l - a scroll of vulnerability {unknown}
 p - a scroll of enchant armour {unknown}
 q - a scroll of revelation {unknown}
 r - 2 scrolls of teleportation {unknown}
 t - a scroll of immolation {unknown}
Potions
 b - a potion of magic
 c - a potion of mutation {unknown}
 d - 3 potions of heal wounds
 i - 2 potions of curing
 j - a potion of haste {unknown}
 k - 2 potions of degeneration {unknown}


   Skills:
 + Level 3.9 Fighting
 + Level 4.4 Dodging
 - Level 2.2 Stealth
 + Level 4.5 Spellcasting
 + Level 6.6 Necromancy


You had 7 spell levels left.
You knew the following spells:

 Your Spells              Type           Power      Damage    Failure   Level
a - Necrotise             Necr           100%       1d9       1%          1
b - Vampiric Draining     Necr           35%        2d8       3%          3
c - Animate Dead          Necr           35%        N/A       10%         4

Your spell library contained the following spells:

 Spells                   Type           Power      Damage    Failure   Level
 Lesser Beckoning         Tloc           10%        N/A       22%         2
 Curse of Agony           Necr           35%        N/A       26%         5
 Gell's Gravitas          Tloc           5%         N/A       41%         3
 Teleport Other           Tloc           5%         N/A       41%         3


Dungeon Overview and Level Annotations

Branches:
Dungeon (5/15)
 Temple: D:4-7

Altars:
Yredelemnul

Shops:
D:1 =   D:4 =

Annotations:
D:5 Blork the orc, Menkaure


Innate Abilities, Weirdness & Mutations

You are mostly covered in thin metallic scales. (AC +3)
A meltable shield of frost defends you. (SH +4)


Message History

The puff of frost hits you. Blork the orc casts a spell at you.
The magic dart hits you!
Casting: Vampiric Draining (dangerous; 3% risk of failure)
Confirm with . or Enter, or press ? or * to list all spells.
Aiming: Vampiric Draining (dangerous; 3% risk of failure)
Press: ? - help, Shift-Dir - straight line, f - Blork the orc
Aim: Blork the orc, wielding a +1 scimitar of freezing and wearing a +0 robe You draw life force from Blork the orc.
You feel life coursing into your body.
Blork the orc hits you with a +1 scimitar of freezing.
Blork the orc freezes you.
Casting: Vampiric Draining (dangerous; 3% risk of failure)
Confirm with . or Enter, or press ? or * to list all spells.
Aiming: Vampiric Draining (dangerous; 3% risk of failure)
Press: ? - help, Shift-Dir - straight line, f/p - Blork the orc
Aim: Blork the orc, wielding a +1 scimitar of freezing and wearing a +0 robe (lightly wounded)
You draw life force from Blork the orc.
You feel life coursing into your body.
Blork the orc hits you with a +1 scimitar of freezing!
Blork the orc freezes you.
Casting: Vampiric Draining (dangerous; 3% risk of failure)
Confirm with . or Enter, or press ? or * to list all spells.
You don't have enough magic to cast this spell.
Casting: Vampiric Draining (dangerous; 3% risk of failure)
Confirm with . or Enter, or press ? or * to list all spells.
You don't have enough magic to cast this spell.
You puncture Blork the orc!
Blork the orc is heavily wounded.
Blork the orc misses you.
Blork the orc hits you with a +1 scimitar of freezing.
Blork the orc freezes you.
You puncture Blork the orc!
Blork the orc is almost dead.
Blork the orc hits you with a +1 scimitar of freezing!
* * * LOW HITPOINT WARNING * * *
Blork the orc freezes you!
* * * LOW HITPOINT WARNING * * *
You hit Blork the orc but do no damage.
Blork the orc is almost dead.
Blork the orc hits you with a +1 scimitar of freezing!
You die...

#...## .... ##....
..... #.)..# #.....
# # ....####......
#.##.###).##........
.....#.#<.##).......
.........)..........
.....#..............
... ##@...##.......
. . #o...$#.......
... #.^...##.......
... ........#..#....
...
........##.##....
... ........# .. ...
.........# .
..........# ...


You could see Blork the orc.

Vanquished Creatures
  Sigmund (D:3)
  Eustachio (D:4)
  Edmund (D:3)
  2 ogres
  A bombardier beetle (D:4)
  A hound (D:4)
  Crazy Yiuf (D:3)
  Ijyb (D:4)
  An iguana (D:4)
  An orc wizard (D:4)
  Robin (D:2)
  4 adders
  A white imp (D:4)
  2 dart slugs
  A ribbon worm (D:2)
  4 orcs
  6 ball pythons
  9 endoplasms
  4 giant cockroaches
  21 goblins
  12 hobgoblins
  4 jackals (D:1)
  2 quokkas (D:1)
  5 bats
  2 frilled lizards
  7 kobolds
  4 rats
100 creatures vanquished.

Vanquished Creatures (collateral kills)
  An adder (D:2)
  An endoplasm (D:3)
  A ball python (D:4)
  A frilled lizard (D:3)
  A goblin (D:2)
5 creatures vanquished.

Grand Total: 105 creatures vanquished

Notes
Turn   | Place    | Note
-------+----------+-------------------------------------------
     0 | D:1      | PaiMei the Demonspawn Necromancer began the quest for the
                  | Orb.
     0 | D:1      | Reached XP level 1. HP: 13/13 MP: 3/3
   167 | D:1      | Gained mutation: A meltable shield of frost defends you.
                  | (SH +4) [demonic ancestry]
   167 | D:1      | Reached XP level 2. HP: 19/19 MP: 1/5
   610 | D:1      | Found Futosow's One-of-a-Kind Rings.
   739 | D:1      | Gained mutation: You are partially covered in thin metallic
                  | scales. (AC +2) [demonic ancestry]
   739 | D:1      | Reached XP level 3. HP: 24/24 MP: 1/6
  2046 | D:2      | Reached XP level 4. HP: 31/31 MP: 4/7
  2184 | D:3      | Noticed Robin
  2204 | D:3      | Reached skill level 1 in Fighting
  2578 | D:2      | Killed Robin
  2783 | D:3      | Found a basalt altar of Yredelemnul.
  2815 | D:3      | Identified the +7 short sword of the Tooth {heavy, Dex+5}
  2840 | D:3      | Reached skill level 5 in Necromancy
  2994 | D:3      | Identified the +1 leather armour of Boredom {Int+5}
  3331 | D:3      | Noticed Sigmund
  3358 | D:3      | Learned a level 3 spell: Vampiric Draining
  3646 | D:4      | Gained mutation: You are mostly covered in thin metallic
                  | scales. (AC +3) [demonic ancestry]
  3646 | D:4      | Reached XP level 5. HP: 37/37 MP: 5/9
  3869 | D:4      | Noticed an ogre
  3891 | D:4      | Noticed Edmund
  3967 | D:3      | Killed Edmund
  3968 | D:3      | Reached XP level 6. HP: 43/44 MP: 3/11
  4072 | D:3      | Killed Sigmund
  4383 | D:3      | Found a runed translucent door.
  4384 | D:3      | Noticed Crazy Yiuf
  4391 | D:3      | Killed Crazy Yiuf
  4480 | D:4      | Reached skill level 6 in Necromancy
  4480 | D:4      | Reached XP level 7. HP: 46/52 MP: 1/12
  4815 | D:4      | Found Wyirch's Jewellery Shop.
  5337 | D:4      | Learned a level 4 spell: Animate Dead
  5375 | D:5      | Entered Level 5 of the Dungeon
  5375 | D:5      | Noticed Menkaure
  5380 | D:5      | Noticed Blork the orc
  5622 | D:5      | Noticed Ijyb
  5628 | D:5      | Noticed Eustachio
  5634 | D:4      | Killed Ijyb
  6147 | D:4      | Killed Eustachio
  6557 | D:5      | HP: 1/53 [Blork the orc/+1 scimitar of freezing (7)]
  6558 | D:5      | Mangled by Blork the orc

Illustrated notes

Levels and vault maps discovered:
D:1:      lemuel_arrival_funnel, layout_loops_ring, nrook_mini_vaults,
          grunt_decor_resistance, nicolae_shop_unique_rings
D:2:      layout_loops_cross, kennysheep_potato
D:3:      layout_rooms, mainiacjoe_overflow_paths, uniq_sigmund,
          uniq_crazy_yiuf_cottage, uniq_robin
D:4:      layout_loops_ring, serial_shops, nicolae_shop_advertising_works
          [nicolae_subvault_shop_adworks], serial_forest,
          infiniplex_forest_lined_2, infiniplex_forest_corner_1,
          infiniplex_forest_side_room, infiniplex_forest_clump_curved,
          infiniplex_forest_lined_3, infiniplex_forest_corner_1,
          infiniplex_forest_end_double, infiniplex_forest_lined_2,
          kennysheep_generic_room_10, uniq_edmund
D:5:      layout_cave_pools, nicolae_uskayaw_suspiria,
          minmay_temple_entry_poolview, uniq_blork_the_orc, uniq_eustachio,
          uniq_menkaure, uniq_ijyb

Skill      XL: |  1  2  3  4  5  6  7 |
---------------+----------------------+-----
Dodging        | 2 3 4 |  4.4
Stealth        | 2 |  2.2
Fighting       | 1 2 3 |  3.9
Necromancy     | 5 6 |  6.6
Spellcasting   | 3 4 |  4.5

Action                     |  1- 3 |  4- 6 |  7- 9 || total
---------------------------+-------+-------+-------++-------
  Melee: Club              |    12 |     2 |       ||    14
         Short sword       |       |    12 |    25 ||    37
         Punch             |       |     1 |       ||     1
   Cast: Necrotise         |    84 |    73 |    28 ||   185
         Vampiric Draining |       |     9 |    18 ||    27
    Use: Potion            |       |       |     2 ||     2
   Stab: Sleeping          |       |       |     1 ||     1
 Armour: Robe              |    18 |     6 |       ||    24
         Leather armour    |       |     8 |    58 ||    66
  Dodge: Dodged            |    25 |    21 |    60 ||   106
  Block: Other             |     9 |     4 |     8 ||    21
